 Dungeon Crawl Stone Soup version 0.27-a0-668-gb5737ff2c0 (webtiles) character file.

Game seed: 13678732213720902574

42698 spiderkeys the Spear-Bearer (level 13, -1/116 HPs)
             Began as a Minotaur Berserker on Mar 17, 2021.
             Was a High Priest of Trog.
             Slain by a catoblepas (8 damage)
             ... while petrified by a catoblepas
             ... on level 13 of the Dungeon on Mar 18, 2021.
             The game lasted 00:26:44 (22675 turns).

spiderkeys the Spear-Bearer (Minotaur Berserker)   Turns: 22675, Time: 00:26:45

Health: -1/116     AC: 14    Str: 25    XL:     13   Next: 86%
Magic:  12/12      EV:  2    Int:  4    God:    Trog [*****.]
Gold:   855        SH:  0    Dex: 12    Spells: 12/12 levels left

rFire    + + .     SeeInvis .   R - +4 trident (freeze)
rCold    + . .     Faith    .   T - +0 kite shield
rNeg     + + +     Spirit   .   H - +1 ring mail of the Candlemaker {rPois rF+}
rPois    ∞         Reflect  .   K - +2 hood of the Assassin {Detection Stab+ Stlth++}
rElec    .         Harm     .   f - scarf {rC+ rF+}
rCorr    .         Rampage  .   F - +0 pair of gloves
Will     ++...                  G - +0 pair of boots
Stlth    +++++.....             (no amulet)
HPRegen  1.29/turn              (no ring)
MPRegen  0.13/turn              (no ring)

@: petrified, regenerating, studying 2 skills
A: horns 2, retaliatory headbutt
a: Renounce Religion, Berserk, Trog's Hand, Brothers in Arms


You were on level 13 of the Dungeon.
You worshipped Trog.
Trog was extremely pleased with you.
You visited 1 branch of the dungeon, and saw 13 of its levels.
You also visited: Sewer.

You collected 855 gold pieces.

Inventory:

Hand Weapons
 a - a +1 trident
 b - the +12 hunting sling of the Badger {vorpal, rF+ Dex+3}
   (You found it on level 8 of the Dungeon)

   Any stone fired from it inflicts extra damage.
   It affects your dexterity (+3).
   It protects you from fire.
 g - a +0 halberd
 I - a +0 hand crossbow
 L - the +7 bardiche "Demonslayer" {protect, *Rage rElec Int+7 SInv}
   (You acquired it on level 11 of the Dungeon)

   It grants its wielder temporary protection when it strikes (+7 to AC).
   It affects your intelligence (+7).
   It insulates you from electricity.
   It lets you see invisible.
   It may make you go berserk in combat.
 R - a +4 trident of freezing (weapon)
Missiles
 v - 2 javelins
 E - 60 bolts
 J - 73 sling bullets
 U - 6 silver javelins
Armour
 f - a scarf of resistance (worn)
 C - a +0 buckler
 F - a +0 pair of gloves (worn)
 G - a +0 pair of boots (worn)
 H - the +1 ring mail of the Candlemaker (worn) {rPois rF+}
   (You found it on level 7 of the Dungeon)

   It protects you from fire.
   It protects you from poison.
 K - the +2 hood of the Assassin (worn) {Detection Stab+ Stlth++}
   (You found it on level 9 of the Dungeon)

   It makes you much more stealthy.
 S - a +0 cloak
 T - a +0 kite shield (worn)
Jewellery
 P - the ring of Tender Moments {rN+ Dex+5 Slay+5}
   (You found it on level 11 of the Dungeon)

   [ring of positive energy]

   It affects your dexterity (+5).
   It affects your accuracy and damage with ranged weapons and melee attacks
   (+5).
   It protects you from negative energy.
 V - a ring of resist corrosion
Wands
 m - a wand of random effects (14)
 t - a wand of flame (35)
 y - a wand of iceblast (14)
 M - a wand of acid (7)
 N - a wand of charming (8)
Scrolls
 d - 2 scrolls of enchant weapon
 e - 8 scrolls of teleportation
 j - a scroll of enchant armour
 l - 3 scrolls of vulnerability
 n - 2 scrolls of random uselessness {unknown}
 o - 2 scrolls of blinking
 p - 4 scrolls of amnesia
 r - 2 scrolls of fog {unknown}
 z - a scroll of magic mapping
 A - 3 scrolls of identify
 D - 3 scrolls of fear
 O - a scroll of noise
 Q - a scroll of immolation
Potions
 c - 3 potions of curing
 h - 3 potions of heal wounds
 i - 3 potions of lignification {unknown}
 k - 4 potions of flight {unknown}
 q - a potion of berserk rage {unknown}
 s - 2 potions of cancellation {unknown}
 u - 2 potions of attraction {unknown}
 w - 2 potions of degeneration {unknown}
 x - a potion of resistance
 B - 2 potions of ambrosia {unknown}


   Skills:
 + Level 11.3 Fighting
 * Level 14.9 Polearms
 + Level 7.6 Slings
 - Level 6.1 Crossbows
 + Level 13.7 Armour
 + Level 10.2 Dodging
 - Level 8.0 Stealth
 + Level 5.3 Shields


You had 12 spell levels left.
You didn't know any spells.
Your spell library contained the following spells:

 Spells                   Type           Power      Damage    Failure   Level
 Corona                   Hex            0%         N/A       95%         1
 Freeze                   Ice            0%         1d3       95%         1
 Magic Dart               Conj           0%         1d3       95%         1
 Summon Small Mammal      Summ           0%         N/A       95%         1
 Blink                    Tloc           N/A        N/A       99%         2
 Call Imp                 Summ           0%         N/A       99%         2
 Ensorcelled Hibernation  Hex/Ice        0%         N/A       99%         2
 Slow                     Hex            0%         N/A       99%         2
 Call Canine Familiar     Summ           0%         N/A       100%        3
 Confusing Touch          Hex            0%         N/A       100%        3
 Conjure Flame            Conj/Fire      0%         6-21      100%        3
 Dazzling Flash           Conj/Hex       0%         N/A       100%        3
 Frozen Ramparts          Ice            0%         1d2       100%        3
 Mephitic Cloud           Conj/Pois/Air  0%         N/A       100%        3
 Ozocubu's Armour         Ice            0%         N/A       100%        3
 Summon Guardian Golem    Hex/Summ       0%         N/A       100%        3
 Tukima's Dance           Hex            0%         N/A       100%        3
 Cause Fear               Hex            0%         N/A       100%        4
 Hailstorm                Conj/Ice       0%         3d3       100%        4
 Summon Ice Beast         Ice/Summ       0%         N/A       100%        4
 Summon Lightning Spire   Summ/Air       0%         N/A       100%        4
 Silence                  Hex/Air        0%         N/A       100%        5
 Yara's Violent Unravell  Hex/Tmut       0%         3d3       100%        5
 Discord                  Hex            0%         N/A       100%        8


Dungeon Overview and Level Annotations

Branches:
Dungeon (13/15)            Temple (0/1) D:6            Lair (0/6) D:9
    Orc (0/2) D:12         Vaults (0/5) D:13          Sewer (visited)

Altars:
Cheibriados
Fedhas
Hepliaklqana
Okawaru
Ru
Sif Muna
Wu Jian

Shops:
D:12 =


Innate Abilities, Weirdness & Mutations

You have a pair of horns on your head.
You reflexively headbutt those who attack you in melee.


Message History

The catoblepas breathes a plume of calcifying dust at you.
The blast of calcifying dust hits you but does no damage.
Reach: R) +4 trident (freeze)
Press: ? - help, Dir - move target, f/p - catoblepas
Aim: a catoblepas (lightly wounded, about 8% to evade your +4 trident of freezing)
You reach to attack!
You hit the catoblepas but do no damage.
The catoblepas is lightly wounded.
The catoblepas breathes a plume of calcifying dust at you.
The blast of calcifying dust hits you but does no damage.
The catoblepas breathes a plume of calcifying dust at you.
The blast of calcifying dust hits you!
You see here a +0 falchion.
You are too injured to fight recklessly!
You barely miss the catoblepas.
The catoblepas is lightly wounded.
The catoblepas breathes a plume of calcifying dust at you.
The blast of calcifying dust hits you.
You hit the catoblepas. You freeze the catoblepas.
The catoblepas is lightly wounded.
The catoblepas breathes a plume of calcifying dust at you.
The blast of calcifying dust hits you!
Your skin crawls.
You feel strong-willed.
You are engulfed in calcifying dust.
You are slowing down.
The catoblepas gores you!
* * * LOW HITPOINT WARNING * * *
Your ogre goes berserk!
You are engulfed in calcifying dust.
Your limbs have turned to stone.
The catoblepas gores you!!
* * * LOW HITPOINT WARNING * * *
The catoblepas snuffles in challenge.
The catoblepas closely misses you.
You have turned to stone.
You are engulfed in calcifying dust.
Your ogre barely misses the catoblepas.
The catoblepas gores you!!
* * * LOW HITPOINT WARNING * * *
Your ogre hits the catoblepas with a +0 giant club!!
The catoblepas gores you!
You die...

.# #...............# #....$.. .#
#...............# #....... .#
#...............# #.)..... .#
#...............# #....... .#
#...............# #....... .#
#...............# #.§..... .#
#...............# #§§.....
.####............§..######§.$....
..............§§@YO..............
#################################


You could see a catoblepas (ally target) and a friendly ogre (summoned,
berserk).

Vanquished Creatures
  Rupert (D:13)
  A hydra (D:11)
  Erolcha (D:13)
  4 vault guards
  A catoblepas (D:12)
  A centaur warrior (D:13)
  A death knight (D:12)
  A two-headed ogre (D:9)
  A deep elf knight (D:13)
  A skeletal warrior (D:12)
  A fire crab (shapeshifter) (D:11)
  2 unseen horrors
  2 phantasmal warriors (D:12)
  2 deep elf zephyrmancers (D:13)
  2 deep elf pyromancers (D:13)
  3 ugly things
  A cyclops (D:13)
  3 manticores
  A salamander (shapeshifter) (D:13)
  A gargoyle (D:11)
  A kobold demonologist (D:11)
  A komodo dragon (D:11)
  2 hornets (D:11)
  9 slime creatures
  3 wraiths
  8 yaks (D:11)
  A basilisk (D:13)
  3 vampire mosquitoes (D:13)
  A warg (D:12)
  A hornet zombie (D:5)
  5 ice beasts
  Purgy (Sewer)
  11 orc warriors
  2 sky beasts (D:9)
  3 black bears
  A necrophage (D:9)
  6 ogres
  7 centaurs
  3 phantoms
  3 kobold brigands
  A water moccasin zombie (D:7)
  10 bullfrogs
  2 water moccasin skeletons (D:10)
  3 scorpions
  3 killer bees (D:10)
  11 wights
  5 howler monkeys
  3 centaur zombies
  A bullfrog zombie (D:10)
  A jelly (D:10)
  A bullfrog skeleton (D:7)
  13 orc priests
  2 centaur skeletons
  5 hounds
  2 iguanas
  17 orc wizards
  6 worker ants
  3 hound skeletons
  13 adders
  3 gnolls (D:8)
  4 shadow imps
  2 oozes
  An adder skeleton (D:4)
  2 worms
  2 dart slugs (D:1)
  9 leopard geckos
  52 orcs
  5 bats
  7 giant cockroaches
  5 goblins
  5 hobgoblins
  8 jackals
  30 kobolds
  5 quokkas
  2 ball pythons
  7 frilled lizards
  5 rats
359 creatures vanquished.

Vanquished Creatures (collateral kills)
  Jorgrun (D:13)
1 creature vanquished.

Grand Total: 360 creatures vanquished

Notes
Turn   | Place    | Note
-------+----------+-------------------------------------------
     0 | D:1      | spiderkeys the Minotaur Berserker began the quest for the
                  | Orb.
     0 | D:1      | Reached XP level 1. HP: 19/19 MP: 0/0
    75 | D:1      | Reached XP level 2. HP: 24/27 MP: 1/1
   130 | D:1      | Reached skill level 4 in Polearms
   420 | D:1      | You fall into a shaft and drop 1 floor!
   453 | D:2      | Reached XP level 3. HP: 30/33 MP: 2/2
  1161 | D:2      | Reached ** piety under Trog
  1499 | D:1      | Reached XP level 4. HP: 40/40 MP: 3/3
  1807 | D:3      | Found a blossoming altar of Fedhas.
  1932 | D:3      | Reached skill level 5 in Polearms
  2389 | D:3      | Found an ornate altar of the Wu Jian Council.
  2689 | D:4      | Reached XP level 5. HP: 47/47 MP: 4/4
  2972 | D:4      | Found an iron altar of Okawaru.
  2972 | D:4      | Found a shimmering blue altar of Sif Muna.
  4064 | D:4      | Reached XP level 6. HP: 55/55 MP: 5/5
  4083 | D:4      | Reached skill level 6 in Polearms
  4088 | D:4      | Reached skill level 5 in Fighting
  4505 | D:4      | Noticed an ice beast
  4521 | D:4      | Killed an ice beast
  4666 | D:4      | Reached XP level 7. HP: 39/61 MP: 6/6
  5016 | D:5      | Entered Level 5 of the Dungeon
  5198 | D:5      | Found a glowing drain.
  5207 | Sewer    | Entered a sewer
  5290 | Sewer    | Noticed Purgy
  5294 | Sewer    | Killed Purgy
  5295 | Sewer    | Reached skill level 7 in Polearms
  5612 | D:5      | Found a snail-covered altar of Cheibriados.
  5713 | D:5      | Reached skill level 5 in Armour
  6240 | D:5      | Reached *** piety under Trog
  6634 | D:6      | Reached skill level 5 in Dodging
  6634 | D:6      | Reached XP level 8. HP: 31/70 MP: 7/7
  6641 | D:6      | Reached skill level 8 in Polearms
  7327 | D:6      | Found a staircase to the Ecumenical Temple.
  7581 | D:6      | Found a sacrificial altar of Ru.
  7607 | D:6      | Reached skill level 9 in Polearms
  8046 | D:6      | Found an iron altar of Okawaru.
  8172 | D:6      | Found a hazy altar of Hepliaklqana.
  8252 | D:7      | Reached skill level 1 in Crossbows
  8252 | D:7      | Reached skill level 1 in Shields
  8661 | D:7      | Reached XP level 9. HP: 73/79 MP: 8/8
  8793 | D:7      | Reached **** piety under Trog
  8859 | D:7      | Identified the +1 ring mail of the Candlemaker {rPois rF+}
  9072 | D:8      | Identified a scroll of acquirement
  9073 | D:8      | Acquired a manual of Armour
  9550 | D:8      | Reached skill level 10 in Polearms
 10012 | D:8      | Reached skill level 5 in Crossbows
 10842 | D:8      | Identified the +12 hunting sling of the Badger {vorpal, rF+
                  | Dex+3}
 11139 | D:9      | Found a staircase to the Lair.
 11430 | D:9      | Noticed a two-headed ogre
 11442 | D:9      | Killed a two-headed ogre
 11443 | D:9      | Reached skill level 1 in Slings
 11443 | D:9      | Reached XP level 10. HP: 28/88 MP: 9/9
 11707 | D:9      | Found the +2 hood of the Assassin {Detection Stab+ Stlth++}
 11899 | D:9      | Reached skill level 11 in Polearms
 12597 | D:10     | Entered Level 10 of the Dungeon
 12830 | D:10     | Reached ***** piety under Trog
 13599 | D:11     | Noticed a manticore
 13609 | D:11     | Killed a manticore
 13609 | D:11     | Noticed a five-headed hydra
 13612 | D:11     | Noticed a manticore
 13625 | D:11     | Killed a five-headed hydra
 13626 | D:11     | Reached skill level 12 in Polearms
 13626 | D:11     | Reached skill level 10 in Armour
 13635 | D:11     | Killed a manticore
 13933 | D:11     | Reached XP level 11. HP: 97/97 MP: 10/10
 13945 | D:11     | Noticed a brown ugly thing
 13950 | D:11     | Killed a brown ugly thing
 14618 | D:11     | Killed an unseen horror
 14844 | D:11     | Reached skill level 5 in Slings
 14887 | D:11     | Noticed a fire crab
 14898 | D:11     | Killed a fire crab
 15040 | D:11     | Reached skill level 13 in Polearms
 15224 | D:11     | Identified the ring of Tender Moments {rN+ Dex+5 Slay+5}
 15363 | D:11     | Reached skill level 10 in Fighting
 15501 | D:11     | Acquired the +7 bardiche "Demonslayer" {protect, *Rage
                  | rElec Int+7 SInv}
 16030 | D:12     | Received a gift from Trog
 16183 | D:12     | Noticed a death knight
 16183 | D:12     | Noticed a phantasmal warrior
 16183 | D:12     | Noticed a phantasmal warrior
 16186 | D:12     | Killed a phantasmal warrior
 16197 | D:12     | Killed a phantasmal warrior
 16199 | D:12     | Killed a death knight
 16724 | D:12     | Reached XP level 12. HP: 94/107 MP: 11/11
 16943 | D:12     | Found a staircase to the Orcish Mines.
 17253 | D:12     | Found Ygawkeij's Jewellery Shoppe.
 17540 | D:13     | Reached XP level 13. HP: 114/114 MP: 12/12
 17598 | D:13     | Noticed Rupert
 17613 | D:13     | Killed Rupert
 17772 | D:13     | Reached skill level 14 in Polearms
 18253 | D:13     | Found a gate to the Vaults.
 19924 | D:13     | Noticed Jorgrun
 20367 | D:13     | Killed Jorgrun
 20412 | D:13     | Reached skill level 10 in Dodging
 21920 | D:13     | Reached skill level 5 in Shields
 22622 | D:13     | Noticed Erolcha
 22627 | D:13     | Killed Erolcha
 22675 | D:13     | Slain by a catoblepas

Illustrated notes

Levels and vault maps discovered:
D:1:      moated_graveyard_arrival, layout_basic
D:2:      layout_loops_ring, hex_medium, kennysheep_cross_room,
          kennysheep_flooded_box
D:3:      layout_basic, general_overflow_altar, old_standard_altar
D:4:      layout_cave_pools, gammafunk_temple_overflow_wave
D:5:      layout_gridville, cheibrodos_worm_habitat, gup_sewer_entry_pipe
D:6:      minmay_flawed_box, layout_basic, nicolae_hepliaklqana_hippocampus,
          temple_fountains, basic_altar, okawaru_gym_becter
D:7:      layout_cave_pools
D:8:      layout_loops_cross
D:9:      layout_stronghold, lair_entry_dummy, grunt_ministairs_3
D:10:     layout_cave_pods, hex_tiny, minmay_strange_pillars
D:11:     layout_roguey, nrook_mini_backslash
D:12:     layout_roguey, david_orc_1_choice, serial_shops, shop
D:13:     layout_long_grid, lightli_vaults_fourway_checkpoint, uniq_erolcha,
          uniq_rupert, uniq_jorgrun

Skill      XL: |  1  2  3  4  5  6  7  8  9 10 11 12 13 |
---------------+----------------------------------------+-----
Polearms       | 4 5 6 7 9 10 12 13 14 | 14.9
Fighting       | 4 5 6 7 8 9 10 11 | 11.3
Armour         | 3 4 5 6 8 10 12 13 | 13.7
Dodging        | 3 4 5 6 7 8 9 10 | 10.2
Crossbows      | 2 6 |  6.1
Shields        | 1 3 4 5 |  5.3
Slings         | 1 4 6 7 |  7.6
Stealth        | 7 8 |  8.0

Action                   |  1- 3 |  4- 6 |  7- 9 | 10-12 | 13-15 || total
-------------------------+-------+-------+-------+-------+-------++-------
Melee: Spear             |    95 |   107 |       |       |       ||   202
       Headbutt          |    16 |    26 |    65 |    72 |    47 ||   226
       Trident           |       |    50 |   315 |   349 |   194 ||   908
       Halberd           |       |       |    54 |       |       ||    54
       Bardiche          |       |       |       |    53 |       ||    53
Invok: Berserk           |       |     1 |     7 |     2 |     7 ||    17
       Brothers in Arms  |       |       |       |       |     3 ||     3
       Trog's Hand       |       |       |       |       |     1 ||     1
Evoke: Wand              |       |       |     1 |       |       ||     1
  Use: Potion            |       |     2 |       |     3 |     2 ||     7
       Scroll            |       |       |     9 |     7 |     1 ||    17
 Stab: Sleeping          |     1 |       |       |    15 |     4 ||    20
       Distracted        |       |       |       |     1 |       ||     1
Armor: Animal skin       |     2 |       |       |       |       ||     2
       Scale mail        |    10 |    51 |    12 |       |       ||    73
       Plate armour      |       |       |    67 |       |       ||    67
       Ring mail         |       |       |    33 |    85 |    45 ||   163
Dodge: Dodged            |    39 |    60 |   107 |   140 |    64 ||   410
Block: Buckler           |       |       |    22 |    39 |     9 ||    70
       Kite shield       |       |       |       |       |    29 ||    29

Table legend: (Time is in decaauts)
 A = Elapsed time spent in this place.
 B = Non-inter-level travel time spent in this place.
 C = Inter-level travel time spent in this place.
 D = Time resting spent in this place.
 E = Time spent auto-exploring this place.
 F = Levels seen in this place.
 G = Mean time per level.
                   A        B        C        D        E       F      G
               +--------+--------+--------+--------+--------+-----+--------+
         Total |  22710 |  21709 |   1001 |   8887 |  10450 |  14 | 1622.1 |
       Dungeon |  22494 |  21493 |   1001 |   8837 |  10342 |  13 | 1730.3 |
         Sewer |    215 |    215 |      0 |     49 |    108 |   1 |  215.0 |
               +--------+--------+--------+--------+--------+-----+--------+

Top non-repeatable levels by time:
    D:12: 4731 daAuts
    D:13: 2436 daAuts
     D:3: 2371 daAuts
    D:11: 1950 daAuts
     D:8: 1901 daAuts
     D:6: 1670 daAuts
     D:9: 1443 daAuts
     D:5: 1413 daAuts
     D:4: 1042 daAuts
     D:2: 979 daAuts
    D:10: 970 daAuts
     D:7: 872 daAuts
     D:1: 711 daAuts
   Sewer: 215 daAuts
